 Dungeon Crawl Stone Soup version 0.31-a0-217-g58bb5d79cf (webtiles) character file.

Game seed: 13319516832202123106

45 pokeman the Magician (level 3, 0/20 HPs)
             Began as a Deep Elf Hedge Wizard on July 2, 2023.
             Was an Initiate of Vehumet.
             Succumbed to an adder's poison
             ... on level 2 of the Dungeon.
             The game lasted 00:01:35 (1333 turns).

pokeman the Magician (Deep Elf Hedge Wizard)        Turns: 1333, Time: 00:01:36

Health: 0/20       AC:  2    Str:  7    XL:     3   Next: 42%
Magic:  12/20      EV: 12    Int: 20    God:    Vehumet [......]
Gold:   51         SH:  0    Dex: 14    Spells: 4/12 levels left

rFire   . . .        a - +0 dagger
rCold   . . .        (no shield)
rNeg    . . .        b - +0 robe
rPois   .            c - +0 hat
rElec   .            (no cloak)
rCorr   .            (no gloves)
SInv    .            (no boots)
Will    .....        (no amulet)
Stlth   +            h - ring of magical power
HPRegen 0.23/turn    (no ring)
MPRegen 0.17/turn

%: no passive effects
@: confused, lethally poisoned (0 -> -5)
A: no striking features
a: Renounce Religion


You were on level 2 of the Dungeon.
You worshipped Vehumet.
Vehumet was noncommittal.
You visited 1 branch of the dungeon, and saw 3 of its levels.

You collected 51 gold pieces.

Inventory:

Hand Weapons
 a - a +0 dagger (weapon)
Armour
 b - a +0 robe (worn)
 c - a +0 hat (worn)
Jewellery
 h - a ring of magical power (left hand)
Scrolls
 e - a scroll of noise {unknown}
 f - a scroll of immolation {unknown}
Potions
 d - a potion of magic
 g - a potion of enlightenment {unknown}


   Skills:
 + Level 0.9 Fighting
 + Level 1.0 Armour
 - Level 2.4 Dodging
 - Level 2.4 Stealth
 * Level 5.2 Spellcasting
 + Level 1.8 Conjurations
 - Level 1.1 Summonings
 - Level 1.1 Translocations


You had 4 spell levels left.
You knew the following spells:

 Your Spells              Type           Power      Damage    Failure   Level
a - Magic Dart            Conj           48%        1d5       5%          1
b - Mephitic Cloud        Conj/Pois/Air  7%         N/A       26%         3
c - Call Imp              Summ           18%        N/A       11%         2
d - Blink                 Tloc           18%        N/A       11%         2

Your spell library contained the following spells:

 Spells                   Type           Power      Damage    Failure   Level
 Slow                     Hex            20%        N/A       12%         1
 Cigotuvi's Dreadful Rot  Necr/Pois/Air  10%        N/A       17%         2


Dungeon Overview and Level Annotations

Branches:
Dungeon (3/15)

Altars:
Vehumet


Message History

Press: ? - help, Shift-Dir - straight line, f - adder
Aim: an adder (100% to hit)
Okay, then.
Unknown command.
The adder bites you. The adder bites you but does no damage.
The adder bites you.
Casting: Magic Dart (safe; 5% risk of failure)
Confirm with . or Enter, or press ? or * to list all spells.
The spell is extremely dangerous to miscast (26% risk of failure)!
Continue anyway?
Aiming: Mephitic Cloud (extremely dangerous; 26% risk of failure)
Press: ? - help, Shift-Dir - straight line, f - adder
Aim: an adder (chance to affect: 91%) That beam is likely to hit you.
Continue anyway?
The ball explodes into a vile cloud!
The stinking cloud engulfs the adder but does no damage.
The stinking cloud engulfs you but does no damage.
The stinking cloud engulfs the quokka but does no damage.
You are engulfed in noxious fumes.
You choke on the stench!
You are confused.
The quokka closely misses you.
The adder is engulfed in noxious fumes.
The adder appears confused.
Unknown command.
Unknown command.
You are engulfed in noxious fumes.
You choke on the stench!
You are more confused.
The adder is engulfed in noxious fumes.
The adder appears confused.
The quokka closely misses you.
You bump into the rock wall.
You are engulfed in noxious fumes.
You choke on the stench!
You are more confused.
The quokka bites you.
The adder is engulfed in noxious fumes.
The adder appears confused.
The quokka misses you. The adder bites you.
* * * LOW HITPOINT WARNING * * *
You are poisoned.
The adder poisons you! The quokka closely misses you.
Unknown command.
The quokka attacks as you move away! The quokka bites you.
* * * LOW HITPOINT WARNING * * *
You die...

...... .......
....# .......
....# .......
...######.
......
..........
...... #
#.[.......
.....g #.
#.........
#.###S........
#..@..†.......
####°r>....?..
##......$..
#.........
##########


You could see an adder (confused) and a quokka.

Vanquished Creatures
  2 adders (D:2)
  2 worms (D:2)
  2 endoplasms (D:1)
  4 goblins (D:1)
  A kobold (D:1)
  A quokka (D:1)
  2 ball pythons
  4 bats
  4 rats
22 creatures vanquished.

Notes
Turn   | Place    | Note
-------+----------+-------------------------------------------
     0 | D:1      | pokeman the Deep Elf Hedge Wizard began the quest for the
                  | Orb.
     0 | D:1      | Reached XP level 1. HP: 10/10 MP: 7/7
   390 | D:1      | Reached XP level 2. HP: 15/15 MP: 7/9
  1005 | D:2      | Found a radiant altar of Vehumet.
  1016 | D:2      | Became a worshipper of Vehumet
  1053 | D:2      | Reached skill level 5 in Spellcasting
  1053 | D:2      | Reached XP level 3. HP: 17/20 MP: 6/11
  1057 | D:2      | Learned a level 3 spell: Mephitic Cloud
  1060 | D:2      | Learned a level 2 spell: Call Imp
  1063 | D:2      | Learned a level 2 spell: Blink
  1314 | D:2      | You fall into a shaft and drop 1 floor!
  1327 | D:2      | Reached skill level 1 in Armour
  1333 | D:2      | HP: 1/20 [quokka (5)]
  1333 | D:2      | Succumbed to an adder's poison

Illustrated notes

Levels and vault maps discovered:
D:1:      minmay_arrival_doors, layout_loops_cross
D:2:      layout_basic, basic_altar, shapermc_ecumenical_altar_gd
D:3:      layout_basic

Skill      XL: |  1  2  3 |
---------------+----------+-----
Spellcasting   | 5 |  5.2
Armour         | 1 |  1.0
Fighting       | |  0.9
Dodging        | |  2.4
Stealth        | |  2.4
Conjurations   | |  1.8
Summonings     | |  1.1
Translocations | |  1.1

Action                     || total
---------------------------++-------
  Melee: Dagger            ||    11
   Cast: Magic Dart        ||    56
         Mephitic Cloud    ||     3
   Stab: Confused          ||     2
 Armour: Robe              ||     4
  Dodge: Dodged            ||    15

Table legend: (Time is in decaauts)
 A = Elapsed time spent in this place.
 B = Non-inter-level travel time spent in this place.
 C = Inter-level travel time spent in this place.
 D = Time resting spent in this place.
 E = Time spent auto-exploring this place.
 F = Levels seen in this place.
 G = Mean time per level.
                   A        B        C        D        E       F      G
               +--------+--------+--------+--------+--------+-----+--------+
         Total |   1331 |   1320 |     11 |      0 |   1173 |   3 |  443.7 |
       Dungeon |   1331 |   1320 |     11 |      0 |   1173 |   3 |  443.7 |
               +--------+--------+--------+--------+--------+-----+--------+

Top non-repeatable levels by time:
     D:1: 876 daAuts
     D:2: 450 daAuts
     D:3: 5 daAuts
